 Dungeon Crawl Stone Soup version 0.29.1-2-gbd0b4ee654 (webtiles) character file.

Game seed: 37929695728192006

32 mester the Conjurer (level 3, 0/26 HPs)
             Began as a Draconian Conjurer on Dec 1, 2022.
             Constricted to death by a ball python (1 damage)
             ... on level 2 of the Dungeon.
             The game lasted 00:25:47 (3112 turns).

mester the Conjurer (Draconian Conjurer)            Turns: 3112, Time: 00:25:47

Health: 0/26       AC:  5    Str:  9    XL:     3   Next: 10%
Magic:  6/6        EV:  9    Int: 20    God:
Gold:   82         SH:  0    Dex:  9    Spells: 1/6 levels left

rFire   . . .      SeeInvis .   b - +0 club
rCold   . . .      Faith    .   (no shield)
rNeg    . . .      Spirit   .   (body armour unavailable)
rPois   .          Reflect  .   (helmet restricted)
rElec   .          Harm     .   (no cloak)
rCorr   .          Rampage  .   (no gloves)
Will    .....                   (no boots)
Stlth   ++........              (no amulet)
HPRegen 0.08/turn               (no ring)
MPRegen 0.10/turn               (no ring)

@: constricted
A: AC +5, unfitting armour, cold-blooded
a: no special abilities


You were on level 2 of the Dungeon.
You visited 1 branch of the dungeon, and saw 2 of its levels.

You collected 82 gold pieces.

Inventory:

Hand Weapons
 b - a +0 club (weapon)
 c - a +0 sling
 e - a +0 dagger
 g - a +0 dagger
 o - a +0 short sword
 p - a +0 club
 r - a +0 short sword
 s - a +0 whip
 t - a +0 whip
 w - a +0 club
 x - a +0 sling
Missiles
 l - a stone
 y - 3 boomerangs (quivered)
Armour
 j - a +0 robe
 m - a +0 leather armour
 q - a +0 robe
Jewellery
 d - a ring of resist corrosion
Scrolls
 f - a scroll of enchant weapon {unknown}
 h - a scroll of amnesia {unknown}
 i - a scroll of butterflies {unknown}
 k - a scroll of enchant armour {unknown}
 n - 3 scrolls of identify {unknown}
 v - a scroll of magic mapping {unknown}
 A - a scroll of teleportation {unknown}
Potions
 a - a potion of magic
 u - 2 potions of invisibility {unknown}
 z - a potion of lignification {unknown}


   Skills:
 + Level 0.1 Fighting
 + Level 0.5 Maces & Flails
 + Level 2.0 Dodging
 + Level 2.1 Stealth
 + Level 2.2 Spellcasting
 + Level 4.4 Conjurations


You had one spell level left.
You knew the following spells:

 Your Spells              Type           Power      Damage    Failure   Level
a - Magic Dart            Conj           80%        1d7       2%          1
b - Searing Ray           Conj           40%        2d5       3%          2
c - Static Discharge      Conj/Air       11%        3-5/arc   10%         2

Your spell library contained the following spells:

 Spells                   Type           Power      Damage    Failure   Level
 Dazzling Flash           Conj/Hex       22%        N/A       19%         3
 Fulminant Prism          Conj/Hex       5%         3d7       52%         4
 Iskenderun's Mystic Bla  Conj/Tloc      11%        2d4       52%         4
 Sticky Flame             Conj/Fire      11%        2d3       52%         4
 Dispel Undead            Necr           2%         3d7       83%         4


Dungeon Overview and Level Annotations

Branches:
Dungeon (2/15)

Altars:
Vehumet


Innate Abilities, Weirdness & Mutations

Your plain brown scales are hard. (AC +5)
You cannot fit into any form of body armour.
You are cold-blooded and may be slowed by cold attacks.


Message History

Aiming: Magic Dart (safe; 2% risk of failure)
Press: ? - help, Shift-Dir - straight line, f/p - worm
Aim: a worm (100% to hit)
The magic dart hits the endoplasm!
You kill the endoplasm!
You start resting.
A worm is nearby!
Found a scroll labelled MEWIDE JOITYSS.
Found a radiant altar of Vehumet.
You see here a scroll labelled MEWIDE JOITYSS.
A ball python comes into view.
You see here a scroll labelled MEWIDE JOITYSS.
A - a scroll labelled MEWIDE JOITYSS The ball python completely misses you.
The ball python closely misses you.
The ball python attacks as you move away!
The ball python bites you but does no damage.
The ball python misses you.
The ball python bites you but does no damage.
The ball python barely misses you.
The ball python attacks as you move away!
The ball python closely misses you.
You open the door. The ball python bites you.
* * * LOW HITPOINT WARNING * * *
The ball python grabs you. The ball python constricts you.
* * * LOW HITPOINT WARNING * * *
You escape the ball python's grasp.
The ball python misses you. The ball python closely misses you.
There is an open door here.
The ball python attacks as you move away!
The ball python barely misses you.
You hit the ball python.
Your tail-slap misses the ball python.
The ball python is moderately wounded.
The ball python closely misses you. The ball python grabs you.
The ball python constricts you.
* * * LOW HITPOINT WARNING * * *
The ball python's grasp on you weakens, but your attempt to escape fails.
The ball python barely misses you. The ball python constricts you.
The ball python bites you but does no damage.
The ball python constricts you.
You die...

###..........#######
###..........### ##
#.............. #...
#w#..........#
#....##.#..........#
#.......#..........#
#....#..........####
#.## #.#####.......#
#!...@Sw...##.#
#######...(.#.#
#....##.########
######....##.........
..........##w........
...##.....##.........
_. #.....##.########
....##........#
..........#####


You could see a worm and a ball python.

Vanquished Creatures
  A worm (D:2)
  5 endoplasms
  2 giant cockroaches
  3 goblins
  A hobgoblin (D:1)
  3 kobolds (D:1)
  A quokka (D:1)
  2 ball pythons (D:1)
  7 bats
  2 frilled lizards (D:1)
  A rat (D:2)
28 creatures vanquished.

Notes
Turn   | Place    | Note
-------+----------+-------------------------------------------
     0 | D:1      | mester the Draconian Conjurer began the quest for the Orb.
     0 | D:1      | Reached XP level 1. HP: 14/14 MP: 3/3
   308 | D:1      | Reached XP level 2. HP: 20/20 MP: 0/5
  1544 | D:1      | Learned a level 2 spell: Searing Ray
  2518 | D:2      | Learned a level 2 spell: Static Discharge
  2661 | D:2      | Reached XP level 3. HP: 26/26 MP: 4/6
  3071 | D:2      | HP: 1/26 [endoplasm (2)]
  3094 | D:2      | Found a radiant altar of Vehumet.
  3111 | D:2      | HP: 1/26 [constriction (1)]
  3112 | D:2      | Constricted to death by a ball python

Illustrated notes

Levels and vault maps discovered:
D:1:      spicycebolla_arrival_ecumenical, layout_loops_cross,
          minmay_octomino_e4
D:2:      layout_basic, basic_altar, minmay_misc_feat_tower, nrook_uturn,
          minmay_surrounded

Skill      XL: |  1  2 |
---------------+-------+-----
Stealth        | 2 |  2.1
Dodging        | 2 |  2.0
Fighting       | |  0.1
Maces & Flails | |  0.5
Spellcasting   | |  2.2
Conjurations   | |  4.4

Action                   || total
-------------------------++-------
Melee: Club              ||    96
       Tailslap          ||    11
       Punch             ||     1
 Cast: Magic Dart        ||    41
       Searing Ray       ||     5
       Static Discharge  ||     1
  Use: Potion            ||     1
 Stab: Sleeping          ||     1
Armor: Skin              ||    44
Dodge: Dodged            ||    88
